 Dungeon Crawl Stone Soup version 0.27-a0-1154-gfdeffcb720 (webtiles) character file.

Game seed: 3353611124362304505

14 Whiskey the Ducker (level 2, 0/21 HPs)
             Began as a Djinni Earth Elementalist on May 14, 2021.
             Slain by a jackal (1 damage)
             ... on level 1 of the Dungeon.
             The game lasted 00:01:50 (679 turns).

Whiskey the Ducker (Djinni Earth Elementalist)       Turns: 679, Time: 00:01:51

Health: 0/21       AC:  2    Str:  7    XL:     2   Next: 55%
Gold:   5          EV:  7    Int: 16    God:
                   SH:  9    Dex: 13

rFire    + + .     SeeInvis .   a - +0 dagger
rCold    x . .     Faith    .   d - +0 tower shield
rNeg     . . .     Spirit   .   c - +0 robe
rPois    ∞         Reflect  .   (no helmet)
rElec    .         Harm     .   (no cloak)
rCorr    .         Rampage  .   (no gloves)
Will     .....                  (boots unavailable)
Stlth    ++........             (no amulet)
HPRegen  0.07/turn              (no ring)
MPRegen  0.00/turn              (no ring)

@: flying
A: sickness immunity, fire resistance 2, cold vulnerability 1, float, innate
caster, hp casting, extra vitality 1
a: no special abilities


You were on level 1 of the Dungeon.
You visited 1 branch of the dungeon, and saw 1 of its levels.

You collected 5 gold pieces.

Inventory:

Hand Weapons
 a - a +0 dagger (weapon)
   (You took it off a goblin on level 1 of the Dungeon)
Missiles
 b - 60 stones (quivered)
 e - 18 poisoned darts
Armour
 c - a +0 robe (worn)
 d - a +0 tower shield (worn)
   (You found it on level 1 of the Dungeon)


   Skills:
 + Level 0.2 Fighting
 + Level 2.6 Dodging
 + Level 1.9 Stealth
 + Level 2.5 Spellcasting


You couldn't memorise any spells.
You knew the following spells:

 Your Spells              Type           Power      Damage    Failure   Level
a - Sandblast             Erth           20%        2d7       87%         1
c - Petrify               Tmut/Erth      10%        N/A       100%        4
w - Passwall              Tmut/Erth      8%         N/A       95%         2
x - Stone Arrow           Conj/Erth      20%        3d8       99%         3
z - Lee's Rapid Deconstr  Erth           5%         3d7*      100%        5
Your spell library was empty.


Dungeon Overview and Level Annotations

Branches:
Dungeon (1/15)

Altars:


Innate Abilities, Weirdness & Mutations

You are immune to sickness and miasma.
You are immune to poison.
Your flesh is very heat resistant. (rF++)
You are vulnerable to cold. (rC-)
You float through the air rather than walking.
You learn spells naturally, not from books.
Your magical power is your life essence.
You have superior vitality. (+4 HP)


Message History

Health restored: 21 You start putting on your armour.
You continue putting on your +0 tower shield. x4
You finish putting on your +0 tower shield.
A dart slug comes into view.
The helpless dart slug fails to defend itself.
You hit the dart slug. You block the dart slug's attack.
You hit the dart slug. The dart slug launches a dart at you.
The slug dart hits you.
You take 2 damage, and have 19/21 hp.
You hit the dart slug.
The dart slug bites you but does no damage.
You hit the dart slug but do no damage. The dart slug bites you.
You take 1 damage, and have 18/21 hp.
You hit the dart slug but do no damage. The dart slug bites you.
You take 2 damage, and have 16/21 hp.
You hit the dart slug but do no damage. The dart slug barely misses you.
You hit the dart slug.
You kill the dart slug!
No target in view!
No target in view!
No target in view!
No target in view!
No target in view!
No target in view!
No target in view!
Found a stone staircase leading down.
Health restored: 21
There is a stone staircase leading down here.
You reach down and open the door.
A bat comes into view.
Okay, then.
A jackal comes into view.
There is an open door here.
A jackal comes into view.
The jackal moves out of view.
You block the bat's attack. x2
You closely miss the bat. You block the bat's attack.
You hit the bat but do no damage. You block the bat's attack.
The jackal bites you.
You miss the bat. The bat hits you but does no damage. x2
The jackal bites you. The jackal barely misses you.
You miss the bat.
The jackal barks!
The bat barely misses you. You block the jackal's attack.
You block the bat's attack. The jackal bites you.
A jackal comes into view.
The jackal barks!
You hit the bat but do no damage. You block the bat's attack.
The bat hits you but does no damage. The jackal barely misses you. x2
You hit the bat. The bat barely misses you.
The jackal bites you but does no damage.
You hit the jackal. The bat hits you but does no damage. The jackal bites you.
You block the bat's attack.
You take 5 damage, and have 16/21 hp.
MASSIVE DAMAGE!!
You hit the bat.
You kill the bat!
You block the jackal's attack. x2; The jackal barely misses you.
The jackal bites you.
You take 1 damage, and have 15/21 hp.
You miss the jackal. The jackal bites you. x2
The jackal completely misses you. The jackal barely misses you.
The jackal bites you. You block the jackal's attack.
The jackal barely misses you.
You take 7 damage, and have 8/21 hp.
MASSIVE DAMAGE!!
You are too injured to fight recklessly!
You are too injured to fight recklessly!
You are too injured to fight recklessly!
You are too injured to fight recklessly!
You are too injured to fight recklessly!
You are too injured to fight recklessly!
The jackal bites you but does no damage. x2
You block the jackal's attack.
There is an open door here.
The jackal bites you but does no damage.
Your shield prevents you from hitting the jackal.
You block the jackal's attack.
You barely miss the jackal.
The jackal bites you but does no damage.
The jackal bites you.
You take 1 damage, and have 7/21 hp.
You barely miss the jackal. You block the jackal's attack. x2
You hit the jackal but do no damage. The jackal bites you. x2
* * * LOW HITPOINT WARNING * * *
You take 2 damage, and have 5/21 hp.
You barely miss the jackal. The jackal bites you.
* * * LOW HITPOINT WARNING * * *
The jackal bites you.
* * * LOW HITPOINT WARNING * * *
You take 4 damage, and have 1/21 hp.
You hit the jackal.
The jackal bites you but does no damage.
You block the jackal's attack.
You hit the jackal. You block the jackal's attack.
The jackal bites you but does no damage.
You hit the jackal.
The jackal bites you but does no damage.
The jackal bites you.
You die...

#.# ##+###+########.###
#≈.§§≈.≈#.........#####
#
#≈≈.≈.≈≈#.#####........
....#≈≈...≈§#.#
###.#####
......≈.<.§§§.# #.#
.####≈≈...§§### #.#
#§§.≈.§§# #.# #§.≈≈≈@≈#
##.##### ##+###h##
#.......
#.hh#########..#....
#................###
##.####.####.#...##.
..# .........#.. ...#
####..#..... .....
######### .....#


You could see 3 jackals.

Vanquished Creatures
  2 dart slugs (D:1)
  2 ball pythons (D:1)
  3 goblins (D:1)
  A bat (D:1)
  A frilled lizard (D:1)
  A rat (D:1)
10 creatures vanquished.

Notes
Turn   | Place    | Note
-------+----------+-------------------------------------------
     0 | D:1      | Whiskey the Djinni Earth Elementalist began the quest for
                  | the Orb.
     0 | D:1      | Reached XP level 1. HP: 15/15 MP: 0/0
    26 | D:1      | HP: 3/15 [ball python (1)]
    42 | D:1      | Reached XP level 2. HP: 2/21 MP: 0/0
   675 | D:1      | HP: 5/21 [jackal (2)]
   676 | D:1      | HP: 1/21 [jackal (3)]
   679 | D:1      | Slain by a jackal

Illustrated notes

Levels and vault maps discovered:
D:1:      ncdulo_lavacross, layout_loops_ring, chequers_ecumenical_altar_island,
          patterned_corridor

Action                   || total
-------------------------++-------
Melee: Unarmed           ||     9
       Dagger            ||    35
 Cast: Sandblast         ||     5
 Stab: Sleeping          ||     1
Armor: Robe              ||    19
Dodge: Dodged            ||    21
Block: Tower shield      ||    18

Table legend: (Time is in decaauts)
 A = Elapsed time spent in this place.
 B = Non-inter-level travel time spent in this place.
 C = Inter-level travel time spent in this place.
 D = Time resting spent in this place.
 E = Time spent auto-exploring this place.
 F = Levels seen in this place.
 G = Mean time per level.
                   A        B        C        D        E       F      G
               +--------+--------+--------+--------+--------+-----+--------+
         Total |    690 |    690 |      0 |    122 |    461 |   1 |  690.0 |
       Dungeon |    690 |    690 |      0 |    122 |    461 |   1 |  690.0 |
               +--------+--------+--------+--------+--------+-----+--------+

Top non-repeatable levels by time:
     D:1: 690 daAuts

Table legend:
 A = Kills in this place as a percentage of kills in entire the game.
 B = Kills by you in this place as a percentage of kills by you in the entire game.
 C = Kills by friends in this place as a percentage of kills by friends in the entire game.
 D = Other kills in this place as a percentage of other kills in the entire game.
 E = Experience gained in this place as a percentage of experience gained in the entire game.
 F = Experience gained in this place divided by the number of levels of this place that you have seen.
                   A       B       C       D       E      F
               +-------+-------+-------+-------+-------+----------------------
         Total | 100.0 | 100.0 |   N/A |   N/A | 100.0 |  20.0
       Dungeon | 100.0 | 100.0 |   N/A |   N/A | 100.0 |  20.0
               +-------+-------+-------+-------+-------+----------------------
